 Dungeon Crawl Stone Soup version 0.26-a0-663-g36e8fdb655 (webtiles) character file.

Game seed: 3240048040195754026

224 halkony2012 the Covered (level 5, -4/47 HPs)
             Began as a Minotaur Fighter on Oct 10, 2020.
             Was an Initiate of Makhleb.
             Slain by an ogre
             ... wielding a +0 giant club
              (16 damage)
             ... on level 4 of the Dungeon.
             The game lasted 00:05:09 (3389 turns).

halkony2012 the Covered (Minotaur Fighter)          Turns: 3389, Time: 00:05:10

Health: -4/47      AC:  8    Str: 21    XL:     5   Next: 67%
Magic:  4/4        EV:  8    Int:  5    God:    Makhleb [......]
Gold:   226        SH:  9    Dex: 10    Spells: 4/4 levels left

rFire    . . .     SeeInvis .   a - +0 war axe
rCold    . . .     Faith    .   c - +0 kite shield
rNeg     . . .     Spirit   .   b - +0 scale mail
rPois    .         Reflect  .   (helmet restricted)
rElec    .         Harm     .   (no cloak)
rCorr    .         Rampage  .   i - +0 pair of gloves
MR       .....                  (no boots)
Stlth    ..........             (no amulet)
HPRegen  0.15/turn              (no ring)
MPRegen  0.09/turn              (no ring)

@: no status effects
A: retaliatory headbutt, horns 2
a: Renounce Religion


You were on level 4 of the Dungeon.
You worshipped Makhleb.
Makhleb was noncommittal.
You visited 2 branches of the dungeon, and saw 5 of its levels.

You collected 226 gold pieces.

Inventory:

Hand Weapons
 a - a +0 war axe (weapon)
Armour
 b - a +0 scale mail (worn)
 c - a +0 kite shield (worn)
 i - a +0 pair of gloves (worn)
Jewellery
 l - an uncursed ring of resist corrosion {unknown}
 t - an uncursed amulet of the acrobat {unknown}
 w - an uncursed ring of fire {unknown}
 x - an uncursed amulet of regeneration {unknown}
Scrolls
 e - 6 scrolls of identify {unknown}
 h - 2 scrolls of fog {unknown}
 j - 2 scrolls of enchant armour {unknown}
 n - a scroll of amnesia {unknown}
 q - a scroll of teleportation {unknown}
 s - 3 scrolls of magic mapping {unknown}
 v - 2 scrolls of remove curse {unknown}
Potions
 d - a potion of might
 f - a potion of brilliance {unknown}
 g - 2 potions of flight {unknown}
 k - a potion of ambrosia {unknown}
 m - 3 potions of haste {unknown}
 o - a potion of curing {unknown}
 p - 4 potions of degeneration {unknown}
 r - 2 potions of heal wounds {unknown}
 u - a potion of berserk rage {unknown}


   Skills:
 + Level 4.5 Fighting
 + Level 4.5 Axes
 + Level 5.0 Armour
 + Level 1.0 Dodging
 + Level 4.7 Shields


You had 4 spell levels left.
You didn't know any spells.
Your spell library was empty.

Dungeon Overview and Level Annotations

Branches:
Dungeon (4/15)             Temple (1/1) D:4

Altars:
Ashenzari
Cheibriados
Dithmenos
Elyvilon
Fedhas
Hepliaklqana
Kikubaaqudgha
Makhleb
Qazlal
Ru
Sif Muna
Trog
Uskayaw
Vehumet
Wu Jian
Yredelemnul
Zin
The Shining One

Shops:
D:4 *


Innate Abilities, Weirdness & Mutations

You reflexively headbutt those who attack you in melee.
You have a pair of horns on your head.


Message History

You are too injured to fight recklessly!
You are too injured to fight recklessly!
You are too injured to fight recklessly!
You are too injured to fight recklessly!
You are too injured to fight recklessly!
You are too injured to fight recklessly!
You hit the ogre. Your headbutt misses the ogre.
The ogre is moderately wounded.
You block the ogre's attack.
You closely miss the ogre.
The ogre is moderately wounded.
The ogre hits you with a +0 giant club.
* * * LOW HITPOINT WARNING * * *
You hit the ogre.
The ogre is heavily wounded.
You block the ogre's attack.
You hit the ogre.
The ogre is heavily wounded.
The ogre hits you with a +0 giant club!
You die...

##.#######
#...O@...#
....######.#
. ####...#
##.....##
#####..#.<##
#.........#
###
#......#.##
..# .
#..###...#
..#..# ##..#
..###


You could see an ogre.

Vanquished Creatures
  A scorpion (D:4)
  2 orc wizards (D:4)
  A worker ant (D:4)
  2 adders (D:3)
  An ooze (D:1)
  2 worms
  A dart slug (D:2)
  5 leopard geckos
  5 orcs (D:4)
  9 bats
  4 giant cockroaches
  4 goblins
  10 hobgoblins
  3 jackals (D:3)
  A ball python (D:3)
  7 frilled lizards
  8 kobolds
  A quokka skeleton (D:4)
  6 rats
73 creatures vanquished.

Vanquished Creatures (others)
  A plant (D:4)
1 creature vanquished.

Grand Total: 74 creatures vanquished

Notes
Turn   | Place    | Note
-------+----------+-------------------------------------------
     0 | D:1      | halkony2012 the Minotaur Fighter began the quest for the
                  | Orb.
     0 | D:1      | Reached XP level 1. HP: 19/19 MP: 0/0
   284 | D:1      | Reached XP level 2. HP: 27/27 MP: 1/1
   371 | D:1      | Reached skill level 4 in Armour
   526 | D:1      | Reached XP level 3. HP: 3/33 MP: 2/2
  1253 | D:2      | You fall into a shaft and drop 1 floor!
  1939 | D:3      | Reached XP level 4. HP: 40/40 MP: 3/3
  2538 | D:3      | Found a sacrificial altar of Ru.
  2661 | D:3      | Found a bloodstained altar of Trog.
  2666 | D:3      | Found an ornate altar of the Wu Jian Council.
  2709 | D:4      | Found a staircase to the Ecumenical Temple.
  2725 | D:4      | Found Gozag's Platinum Reserve.
  2730 | D:4      | Reached XP level 5. HP: 47/47 MP: 4/4
  3022 | Temple   | Entered the Ecumenical Temple
  3169 | Temple   | Became a worshipper of Makhleb the Destroyer
  3211 | D:4      | Reached skill level 1 in Dodging
  3216 | D:4      | Reached skill level 5 in Armour
  3380 | D:4      | Noticed an ogre
  3389 | D:4      | Slain by an ogre

Illustrated notes

Levels and vault maps discovered:
D:1:      elethiomel_arrival_maze, layout_basic
D:2:      layout_basic
D:3:      layout_basic, minitemple, nicolae_ru_path_of_blood
D:4:      layout_rooms, nicolae_gozag_zags_fifth_avenue,
          minmay_temple_entry_gardened_gates, kennysheep_generic_room_5
Temple:   eino_temple_rhombus

Skill      XL: |  1  2  3  4  5 |
---------------+----------------+-----
Shields        | 4 |  4.7
Armour         | 4 5 |  5.0
Fighting       | 4 |  4.5
Axes           | 3 4 |  4.5
Dodging        | 1 |  1.0

Action                   |  1- 3 |  4- 6 || total
-------------------------+-------+-------++-------
Melee: War axe           |   105 |    86 ||   191
       Headbutt          |    12 |     9 ||    21
Armor: Scale mail        |    51 |    34 ||    85
Dodge: Dodged            |    44 |    19 ||    63
Block: Kite shield       |    65 |    32 ||    97

Table legend: (Time is in decaauts)
 A = Elapsed time spent in this place.
 B = Non-inter-level travel time spent in this place.
 C = Inter-level travel time spent in this place.
 D = Time resting spent in this place.
 E = Time spent auto-exploring this place.
 F = Levels seen in this place.
 G = Mean time per level.
                   A        B        C        D        E       F      G
               +--------+--------+--------+--------+--------+-----+--------+
         Total |   3467 |   3376 |     91 |      0 |   2854 |   5 |  693.4 |
       Dungeon |   3303 |   3236 |     67 |      0 |   2717 |   4 |  825.8 |
        Temple |    163 |    139 |     24 |      0 |    137 |   1 |  163.0 |
               +--------+--------+--------+--------+--------+-----+--------+

Top non-repeatable levels by time:
     D:1: 1152 daAuts
     D:3: 940 daAuts
     D:2: 672 daAuts
     D:4: 538 daAuts
  Temple: 163 daAuts
